 Dungeon Crawl Stone Soup version 0.20-a0-268-gb6bde61 (webtiles) character file.

1061 GlassEater the Chucker (level 8, -4/48 HPs)
             Began as a Kobold Hunter on Dec 7, 2016.
             Was an Initiate of Ashenzari.
             Slain by a water moccasin (5 damage)
             ... on level 5 of the Dungeon.
             The game lasted 00:20:52 (7023 turns).

GlassEater the Chucker (Kobold Hunter)              Turns: 7023, Time: 00:20:53

Health: -4/48      AC:  6    Str: 10    XL:     8   Next: 52%
Magic:  8/8        EV: 12    Int: 12    God:    Ashenzari [......]
Gold:   286        SH: 12    Dex: 17    Spells: 7/7 levels left

rFire  . . .     SeeInvis .     a - +2 dagger (speed)
rCold  . . .     Gourm    .     m - +0 ring mail
rNeg   + . .     Faith    .     s - +3 shield
rPois  .         Spirit   .     (no helmet)
rElec  .         Reflect  .     i - +0 cloak
rCorr  +         Harm     .     (no gloves)
MR     .....                    (no boots)
Stlth  ++........               (no amulet)
                                p - ring of positive energy (curse)
                                v - ring of resist corrosion (curse)

@: lethally poisoned (-4 -> -15)
A: carnivore 3
a: Curse Item, Renounce Religion


You were on level 5 of the Dungeon.
You worshipped Ashenzari.
Ashenzari was noncommittal.
You were completely stuffed.

You visited 1 branch of the dungeon, and saw 6 of its levels.

You collected 286 gold pieces.

Inventory:

Hand Weapons
 a - a +2 dagger of speed (weapon)
 b - a +1 long sword of draining
 r - a +1 dagger of speed
Missiles
 c - 16 tomahawks
 h - 210 stones (quivered)
 n - 15 poisoned needles
Armour
 i - a +0 cloak (worn)
 m - a +0 ring mail (worn)
 s - a +3 shield (worn)
Jewellery
 g - a +2 ring of intelligence
 p - a cursed ring of positive energy (right hand)
 v - a cursed ring of resist corrosion (left hand)
Scrolls
 d - a scroll of amnesia
 l - a scroll of identify
 o - a scroll of teleportation
Potions
 e - a potion of flight {unknown}
 k - a potion of lignification {unknown}
 t - a potion of curing
 A - a potion of resistance {unknown}
 C - a potion of degeneration {unknown}
Comestibles
 f - 3 meat rations
 j - a chunk of flesh


   Skills:
 + Level 3.8 Fighting
 + Level 5.8 Short Blades
 + Level 6.2 Throwing
 + Level 2.8 Armour
 + Level 3.9 Dodging
 + Level 3.3 Stealth
 + Level 3.0 Shields


You had 7 spell levels left.
You didn't know any spells.

Dungeon Overview and Level Annotations

Branches:
Dungeon (6/15)             Temple (0/1) D:5

Altars:
Ashenzari
Fedhas
Kikubaaqudgha
Qazlal

Annotations:
D:4 Pikel


Innate Abilities, Weirdness & Mutations

You are small and have problems with some larger weapons.
You are carnivorous and can eat meat at any time.


Message History

You feel sick.
You barely miss the water moccasin.
The water moccasin is severely wounded.
* * * LOW HITPOINT WARNING * * *
You feel sick.
The water moccasin bites you but does no damage.
Your shield and ring mail prevent you from hitting the water moccasin.
The water moccasin is severely wounded.
* * * LOW HITPOINT WARNING * * *
You feel sick. The water moccasin barely misses you.
You hit the water moccasin.
The water moccasin is severely wounded.
You hit the water moccasin.
The water moccasin is almost dead.
* * * LOW HITPOINT WARNING * * *
You feel sick. You block the water moccasin's attack.
Your shield and ring mail prevent you from hitting the water moccasin.
The water moccasin is almost dead.
The water moccasin bites you.
You die...

#......# #............'.......
#......#
##'############......#
#......# #......# #......#
#......#####......# #......#
#..=.......#......# #......#
######.....#......# ######.#
.....#.....##'##### ##.#
####.#.....##.########## #...
#.<#.'.......ooS@......#####
#...
#.####.....#..########.#...#
#...
#...[)....##....<#####<#...#
#...
..#######....>.........'...#
#..> #.####
#..[......#.###.#...####'#
#....#
#.#######.#.###.#...#.....
####.# #.# #.#.....##..#.....
#.###.# #.#########.#.....
#.....#######'#......##.#.....


You could see a water moccasin and 2 orcs.

Vanquished Creatures
  Grinder (D:5)
  2 slaves (D:5)
  2 ogres (D:4)
  A bullfrog (D:6)
  A scorpion (D:5)
  2 crimson imps
  A hound (D:5)
  A centaur skeleton (D:6)
  2 orc priests
  2 iguanas (D:4)
  5 orc wizards
  A worker ant (D:6)
  2 hound zombies (D:5)
  5 adders
  2 oozes
  3 worms
  6 dart slugs
  6 leopard geckos
  4 orcs
  2 ball pythons
  5 giant cockroaches
  9 goblins
  5 hobgoblins
  4 quokkas
  10 bats
  5 frilled lizards
  12 kobolds
  13 rats
114 creatures vanquished.

Notes
Turn   | Place    | Note
-------+----------+-------------------------------------------
     0 | D:1      | GlassEater the Kobold Hunter began the quest for the Orb.
     0 | D:1      | Reached XP level 1. HP: 12/12 MP: 1/1
   197 | D:1      | Reached XP level 2. HP: 10/17 MP: 2/2
   387 | D:1      | Reached skill level 5 in Throwing
   572 | D:1      | Reached XP level 3. HP: 12/22 MP: 3/3
   684 | D:1      | Reached skill level 1 in Short Blades
  1365 | D:2      | Reached XP level 4. HP: 27/27 MP: 4/4
  1451 | D:2      | Reached skill level 1 in Armour
  2098 | D:3      | Found a blossoming altar of Fedhas.
  2099 | D:3      | Found an ancient bone altar of Kikubaaqudgha.
  2189 | D:3      | Reached XP level 5. HP: 21/31 MP: 5/5
  2906 | D:4      | Noticed an ogre
  2921 | D:4      | Killed an ogre
  2921 | D:4      | Reached skill level 1 in Shields
  2921 | D:4      | Reached XP level 6. HP: 12/36 MP: 6/6
  3439 | D:4      | Found a shattered altar of Ashenzari.
  3666 | D:4      | Noticed an ogre
  3677 | D:4      | Killed an ogre
  4075 | D:4      | Reached XP level 7. HP: 33/40 MP: 7/7
  4465 | D:4      | Became a worshipper of Ashenzari the Shackled
  4488 | D:5      | Entered Level 5 of the Dungeon
  4562 | D:5      | Noticed Grinder
  4563 | D:5      | Paralysed by Grinder for 3 turns
  4597 | D:5      | Killed Grinder
  4597 | D:5      | Reached skill level 6 in Throwing
  5124 | D:5      | Found a staircase to the Ecumenical Temple.
  5150 | D:5      | Reached XP level 8. HP: 23/46 MP: 8/8
  5396 | D:5      | Noticed Pikel
  5511 | D:4      | HP: 1/46 [slave[Pikel] (3)]
  5562 | D:5      | HP: 2/46 [slave[Pikel] (4)]
  6125 | D:4      | HP: 1/46 [orc wizard/magic dart (7)]
  6136 | D:4      | Reached skill level 5 in Short Blades
  6524 | D:5      | HP: 2/47 [slave[Pikel] (6)]
  6861 | D:6      | Found a stormy altar of Qazlal.
  7020 | D:5      | HP: 2/48 [poisoned by a water moccasin]
  7023 | D:5      | Slain by a water moccasin

Vault maps used:
D:1:      dpeg_arrival_castle
D:2:      corner_web_ring, kennysheep_another_room
D:3:      grunt_temple_overflow_growth_and_decay
D:4:      ashenzari_altar_1
D:5:      first_bread, st_stairs_10, uniq_pikel, uniq_grinder
D:6:      serial_shops, kennysheep_little_box, basic_altar, grunt_qazlal_clouds

Skill      XL: |  1  2  3  4  5  6  7  8 |
---------------+-------------------------+-----
Throwing       | 5 6 |  6.2
Short Blades   | 1 2 3 4 5 |  5.8
Armour         | 1 2 |  2.8
Dodging        | 3 |  3.9
Stealth        | 2 3 |  3.3
Shields        | 1 2 3 |  3.0
Fighting       | 3 |  3.8

Action                   |  1- 3 |  4- 6 |  7- 9 || total
-------------------------+-------+-------+-------++-------
Melee: Short sword       |   102 |       |       ||   102
       Dagger            |    13 |   245 |   510 ||   768
Throw: Stone             |    27 |   114 |    41 ||   182
       Throwing net      |       |     1 |     1 ||     2
Invok: Curse Item        |       |       |     1 ||     1
  Use: Scroll            |       |       |    15 ||    15
       Potion            |       |       |     4 ||     4
 Stab: Sleeping          |     4 |     2 |     2 ||     8
       Held in net/web   |       |     2 |     1 ||     3
  Eat: Chunk             |    10 |     7 |    11 ||    28
Armor: Leather armour    |    21 |       |       ||    21
       Ring mail         |     2 |    59 |    68 ||   129
Dodge: Dodged            |    97 |   154 |   136 ||   387
Block: Shield            |       |       |    86 ||    86
